 Dungeon Crawl Stone Soup version 0.29-a0-542-g075992c915 (webtiles) character file.

Game seed: 13721422766955075157

29958 snetch the Cleaver (level 13, -4/117 HPs)
             Began as a Minotaur Berserker on June 3, 2022.
             Was a High Priest of Trog.
             Slain by an azure jelly (7 damage)
             ... summoned by an orange crystal statue
             ... in an ice cave.
             The game lasted 00:42:26 (13735 turns).

snetch the Cleaver (Minotaur Berserker)            Turns: 13735, Time: 00:42:26

Health: -4/117     AC: 16    Str: 27      XL:     13   Next: 18%
Magic:  12/12      EV: 13    Int:  3 (4)  God:    Trog [*****.]
Gold:   555        SH: 14    Dex: 16      Spells: 12/12 levels left

rFire   x . .      SeeInvis .   a - +4 war axe of the Hawk {flame, rN+}
rCold   + + +      Faith    .   W - +2 kite shield
rNeg    + . .      Spirit   .   i - +0 ice dragon scales
rPois   .          Reflect  .   (helmet restricted)
rElec   .          Harm     .   (no cloak)
rCorr   .          Rampage  +   (no gloves)
Will    .....                   B - +2 pair of boots {rampage}
Stlth   +.........              (no amulet)
HPRegen 0.29/turn               y - +6 ring of dexterity
MPRegen 0.13/turn               O - ring of protection from cold

@: on berserk cooldown, slowed, studying Ice Magic, very slow
A: horns 2, retaliatory headbutt
a: Renounce Religion, Berserk, Trog's Hand, Brothers in Arms


You were in an ice cave.
You worshipped Trog.
Trog was extremely pleased with you.
You visited 2 branches of the dungeon, and saw 15 of its levels.
You also visited: Ossuary and Ice Cave.

You collected 958 gold pieces.
You spent 403 gold pieces at shops.

Inventory:

Hand Weapons
 a - the +4 war axe of the Hawk (weapon) {flame, rN+}
   (Trog gifted it to you on level 10 of the Dungeon)

   It burns those it strikes, dealing additional fire damage.
   Big, fiery blades are also staple armaments of hydra-hunters.
   rN:        It protects you from negative energy.
 b - a +4 flail of protection
 c - a +0 trident
 h - a +5 battleaxe of freezing
Missiles
 e - 423 stones
 n - 37 poisoned darts (quivered)
Armour
 i - +0 ice dragon scales (worn)
 B - a +2 pair of boots of rampaging (worn)
 I - the +4 ring mail of Hospitality {Will+ Regen+}
   (You found it on level 8 of the Dungeon)

   Regen:     It increases your rate of health regeneration.
   Will:      It increases your willpower.
 W - a +2 kite shield (worn)
Jewellery
 y - a +6 ring of dexterity (left hand)
 A - a ring of the Octopus King {AC+1 EV+1 Str+1 Int+1 Dex+1 SInv}
   (You bought it in a shop on level 10 of the Dungeon)

   [ring of see invisible]

   AC:        It affects your AC (+1).
   EV:        It affects your evasion (+1).
   Str:       It affects your strength (+1).
   Int:       It affects your intelligence (+1).
   Dex:       It affects your dexterity (+1).
   SInv:      It lets you see invisible.
 H - a ring of poison resistance
 O - a ring of protection from cold (right hand)
Wands
 u - a wand of iceblast (19)
 x - a wand of flame (46)
 z - a wand of charming (5)
 D - a wand of polymorph (21)
 X - a wand of acid (1)
Scrolls
 d - 2 scrolls of poison {unknown}
 j - 5 scrolls of fear
 m - 4 scrolls of teleportation {unknown}
 r - 6 scrolls of noise {unknown}
 t - 3 scrolls of immolation {unknown}
 v - a scroll of enchant armour
 E - 4 scrolls of blinking
Potions
 f - 3 potions of brilliance {unknown}
 g - a potion of haste
 o - 6 potions of degeneration {unknown}
 q - a potion of might
 G - a potion of heal wounds {unknown}
 J - 5 potions of curing
 L - 2 potions of invisibility
Miscellaneous
 s - a phantom mirror


   Skills:
 + Level 11.8 Fighting
 + Level 13.6(15.1) Axes
 + Level 10.8(13.7) Maces & Flails
 + Level 4.3 Throwing
 + Level 9.7 Armour
 + Level 8.9 Dodging
 + Level 3.1 Stealth
 + Level 10.1 Shields
 - Level 0.9 Unarmed Combat


You had 12 spell levels left.
You didn't know any spells.
Your spell library contained the following spells:

 Spells                   Type           Power      Damage    Failure   Level
 Static Discharge         Conj/Air       0%         N/A       99%         2
 Frozen Ramparts          Ice            0%         1d2       100%        3
 Ignite Poison            Fire/Tmut/Pois 0%         N/A       100%        3
 Mephitic Cloud           Conj/Pois/Air  0%         N/A       100%        3
 Spider Form              Tmut/Pois      0%         N/A       100%        3
 Airstrike                Air            0%         N/A       100%        4
 Ice Form                 Ice/Tmut       0%         N/A       100%        4
 Summon Ice Beast         Ice/Summ       0%         N/A       100%        4
 Summon Lightning Spire   Summ/Air       0%         N/A       100%        4
 Alistair's Intoxication  Tmut/Pois      0%         N/A       100%        5
 Borgnjor's Vile Clutch   Necr/Erth      0%         N/A       100%        5
 Freezing Cloud           Conj/Ice/Air   0%         6-21      100%        5
 Lightning Bolt           Conj/Air       0%         1d11      100%        5
 Eringya's Noxious Bog    Tmut/Pois      0%         N/A       100%        6


Dungeon Overview and Level Annotations

Branches:
Dungeon (14/15)            Temple (1/1) D:7            Lair (0/6) D:11
    Orc (0/2) D:12         Vaults (0/5) D:13        Ossuary (visited)
  IceCv (1/1)

Altars:
Ashenzari
Cheibriados
Dithmenos
Elyvilon
Fedhas
Gozag
Hepliaklqana
Kikubaaqudgha
Makhleb
Nemelex Xobeh
Okawaru
Qazlal
Ru
Sif Muna
Trog
Uskayaw
Vehumet
Wu Jian
Xom
Yredelemnul
Zin
The Shining One

Shops:
D:10 ==

Annotations:
D:4 water
D:9 river IceCv exclusion: orange crystal statue


Innate Abilities, Weirdness & Mutations

You have a pair of horns on your head.
You reflexively headbutt those who attack you in melee.


Message History

You are exhausted.
You feel yourself slow down.
The orange crystal statue glitters topaz in the dim dungeon light.
Two slime creatures merge to form an enormous slime creature.
Unknown command.
The slime creature hits you but does no damage.
The azure jelly hits you but does no damage.
The azure jelly barely misses you. x2
The azure jelly hits you but does no damage.
The slime creature hits you.
* * * LOW HITPOINT WARNING * * *
Two slime creatures merge to form a titanic slime creature.
You barely miss the azure jelly.
The azure jelly is moderately wounded.
You slash the titanic slime creature! You burn the titanic slime creature.
The azure jelly closely misses you. x2; The azure jelly hits you.
* * * LOW HITPOINT WARNING * * *
The azure jelly barely misses you.
A large slime creature splits.
The orange crystal statue glitters.
You are more confused.
The azure jelly hits you but does no damage.
The azure jelly barely misses you. The azure jelly hits you.
* * * LOW HITPOINT WARNING * * *
The azure jelly hits you but does no damage.
You closely miss the azure jelly. You headbutt the azure jelly.
The azure jelly is heavily wounded.
You hit the titanic slime creature. You burn the titanic slime creature.
The azure jelly hits you but does no damage. x4
The azure jelly closely misses you. The azure jelly hits you!
* * * LOW HITPOINT WARNING * * *
The azure jelly freezes you. You resist.
* * * LOW HITPOINT WARNING * * *
The azure jelly closely misses you. The azure jelly hits you.
* * * LOW HITPOINT WARNING * * *
Two slime creatures merge to form a large slime creature.
Two slime creatures merge to form a titanic slime creature.
You feel better. The azure jelly hits you.
* * * LOW HITPOINT WARNING * * *
The azure jelly freezes you! You resist.
You die...

##.....###......##.....##.....
##.....##....########....##....
#.....##....####....###........
#.....#...............######...
#........###....###.....###....
##.....###....### ###..........
########....### #.........#
#.......### ##.########
###....@J.#####.#####
###...JJ..........##
######J....8.....#
#######...... ##.... ##.


You could see an azure jelly (summoned), 2 titanic slime creatures and a large
slime creature.

Vanquished Creatures
  2 quicksilver oozes (IceCv)
  A yaktaur captain (D:13)
  An ice dragon (D:14)
  3 boulder beetles
  A centaur warrior (D:13)
  2 hydras
  Harold (D:11)
  5 two-headed ogres
  Urug (D:12)
  An orc knight (D:12)
  An ugly thing (D:12)
  3 cyclopes
  2 manticores
  A gargoyle (D:12)
  A komodo dragon (D:10)
  2 yaktaurs (D:13)
  4 entropy weaver simulacra (IceCv)
  4 very ugly thing simulacra (IceCv)
  3 trolls
  Grinder (D:6)
  3 slime creatures
  A wyvern (D:8)
  A wraith (D:11)
  A vampire (D:10)
  2 water elementals (D:13)
  2 basilisks
  A steam dragon (D:5)
  20 yaks
  4 vampire mosquitoes (D:12)
  A basilisk (shapeshifter) (D:12)
  Eustachio (D:4)
  Edmund (D:4)
  Menkaure (D:4)
  2 demonic crawler simulacra (IceCv)
  3 water moccasins (D:11)
  3 sky beasts
  A hornet zombie (Ossuary)
  3 ogres
  4 black bears
  3 orc warriors
  3 ugly thing simulacra (IceCv)
  6 centaurs
  A phantom (D:7)
  A kobold brigand (D:8)
  Blork the orc (D:4)
  6 bullfrogs
  3 necrophages (D:6)
  A wyvern zombie (Ossuary)
  A gnoll sergeant (D:6)
  A water moccasin zombie (Ossuary)
  A scorpion (D:6)
  10 wights
  14 killer bees
  3 howler monkeys
  5 electric eels
  9 jellies
  5 bullfrog zombies (Ossuary)
  6 centaur zombies (Ossuary)
  7 hounds
  3 orc priests
  A gnoll shaman (D:10)
  Ijyb (D:4)
  8 orc wizards
  5 iguanas
  2 killer bee zombies (Ossuary)
  6 howler monkey zombies (Ossuary)
  16 mummies (Ossuary)
  5 gnolls (D:10)
  7 adders
  4 shadow imps
  4 white imps
  2 dart slugs (D:1)
  21 orcs
  5 endoplasms (D:1)
  6 giant cockroaches
  5 goblins
  3 hobgoblins
  6 jackals
  3 quokkas
  4 ball pythons
  2 bats
  A frilled lizard (D:1)
  A goblin zombie (D:7)
  8 kobolds
  A quokka zombie (D:7)
  6 rats
  A bush (D:7)
319 creatures vanquished.

Vanquished Creatures (collateral kills)
  A deep elf pyromancer (D:12)
  2 slime creatures (D:12)
3 creatures vanquished.

Vanquished Creatures (others)
  11 fungi
  24 plants
  A withered plant (Ossuary)
36 creatures vanquished.

Grand Total: 358 creatures vanquished

Notes
Turn   | Place    | Note
-------+----------+-------------------------------------------
     0 | D:1      | snetch the Minotaur Berserker began the quest for the Orb.
     0 | D:1      | Reached XP level 1. HP: 19/19 MP: 0/0
    63 | D:4      | Noticed Eustachio
    63 | D:4      | Noticed an ogre
   132 | D:1      | Reached XP level 2. HP: 27/27 MP: 1/1
   456 | D:1      | Got the Guide on Venom and Feathers
   501 | D:1      | Reached skill level 4 in Axes
   711 | D:1      | Reached ** piety under Trog
   712 | D:1      | Reached XP level 3. HP: 33/33 MP: 2/2
  1017 | D:2      | Found a faded altar of an unknown god.
  1876 | D:3      | Reached XP level 4. HP: 41/41 MP: 3/3
  1887 | D:3      | Found a bloodstained altar of Trog.
  1887 | D:3      | Found a shimmering altar of Xom.
  2196 | D:4      | Noticed Menkaure
  2198 | D:4      | Noticed Ijyb
  2204 | D:4      | Killed Ijyb
  2205 | D:4      | Reached skill level 5 in Axes
  2206 | D:4      | Killed Menkaure
  2207 | D:4      | Reached XP level 5. HP: 16/47 MP: 4/4
  2403 | D:4      | Killed an ogre
  2404 | D:4      | Reached skill level 5 in Fighting
  2404 | D:4      | Reached XP level 6. HP: 42/56 MP: 5/5
  2494 | D:4      | Killed Eustachio
  2495 | D:4      | Reached skill level 6 in Axes
  2506 | D:4      | Found a stormy altar of Qazlal.
  2659 | D:4      | Found a radiant altar of Vehumet.
  2659 | D:4      | Noticed Blork the orc
  2660 | D:4      | Found an ancient bone altar of Kikubaaqudgha.
  2667 | D:4      | Killed Blork the orc
  2668 | D:4      | Reached skill level 5 in Armour
  2668 | D:4      | Reached XP level 7. HP: 51/61 MP: 6/6
  2712 | D:4      | Noticed Edmund
  2747 | D:4      | Killed Edmund
  2748 | D:4      | Reached skill level 7 in Axes
  3146 | D:4      | Found a white marble altar of Elyvilon.
  3177 | D:4      | Found an iron altar of Okawaru.
  3292 | D:5      | Entered Level 5 of the Dungeon
  3412 | D:5      | Reached skill level 1 in Maces & Flails
  3456 | D:5      | Reached *** piety under Trog
  3513 | D:5      | Reached skill level 1 in Throwing
  3563 | D:6      | Found a broken altar of Ashenzari.
  3590 | D:6      | Found an opulent altar of Gozag.
  3645 | D:5      | Reached XP level 8. HP: 70/70 MP: 7/7
  3712 | D:5      | Found a hazy altar of Hepliaklqana.
  3854 | D:5      | Reached skill level 8 in Axes
  4615 | D:7      | Reached skill level 5 in Dodging
  4658 | D:7      | Found a sand-covered staircase.
  4670 | Ossuary  | Entered an ossuary
  4744 | Ossuary  | Reached XP level 9. HP: 47/78 MP: 8/8
  4787 | Ossuary  | Reached skill level 9 in Axes
  4887 | Ossuary  | Reached **** piety under Trog
  5706 | D:6      | Reached skill level 10 in Axes
  5739 | D:6      | Reached skill level 5 in Maces & Flails
  5986 | D:6      | Reached ***** piety under Trog
  6235 | D:6      | Noticed Grinder
  6243 | D:6      | Killed Grinder
  6244 | D:6      | Reached XP level 10. HP: 83/88 MP: 9/9
  6844 | D:7      | Reached skill level 1 in Shields
  7164 | D:8      | Identified the +4 ring mail of Hospitality {Will+ Regen+}
  7425 | D:7      | Found a staircase to the Ecumenical Temple.
  7431 | Temple   | Entered the Ecumenical Temple
  8122 | D:8      | Noticed a two-headed ogre
  8127 | D:8      | Killed a two-headed ogre
  8128 | D:8      | Reached skill level 1 in Stealth
  8601 | D:9      | Noticed a two-headed ogre
  8616 | D:9      | Killed a two-headed ogre
  8956 | D:10     | Entered Level 10 of the Dungeon
  8960 | D:10     | Noticed a two-headed ogre
  8971 | D:10     | Identified the +4 war axe of the Hawk {flame, rN+} (Trog
                  | gifted it to you on level 10 of the Dungeon)
  8971 | D:10     | Received a gift from Trog
  8972 | D:10     | Killed a two-headed ogre
  8997 | D:10     | Reached skill level 5 in Shields
  9181 | D:9      | Reached XP level 11. HP: 97/97 MP: 10/10
  9509 | D:10     | Found Raydgh's Jewellery Boutique.
  9648 | D:10     | Reached skill level 11 in Axes
  9788 | D:10     | Found Efanye's Jewellery Shop.
  9793 | D:10     | Bought a ring of the Octopus King {AC+1 EV+1 Str+1 Int+1
                  | Dex+1 SInv} for 403 gold pieces
  9793 | D:10     | Found the ring of the Octopus King {AC+1 EV+1 Str+1 Int+1
                  | Dex+1 SInv}
  9838 | D:10     | Found an ornate altar of the Wu Jian Council.
 10277 | D:11     | Found a staircase to the Lair.
 10447 | D:12     | Noticed a five-headed hydra
 10454 | D:12     | Killed a one-headed hydra
 10455 | D:12     | Reached skill level 10 in Fighting
 10528 | D:12     | Noticed a two-headed ogre
 10540 | D:12     | Killed a two-headed ogre
 10541 | D:12     | Reached skill level 12 in Axes
 10820 | D:11     | Noticed Harold
 10834 | D:11     | Killed Harold
 10968 | D:11     | Reached XP level 12. HP: 108/108 MP: 11/11
 11368 | D:13     | Reached skill level 10 in Maces & Flails
 11499 | D:12     | Noticed Urug
 11508 | D:12     | Killed Urug
 11582 | D:12     | Found a staircase to the Orcish Mines.
 11636 | D:12     | Noticed a boulder beetle
 11649 | D:12     | Killed a boulder beetle
 11744 | D:12     | Noticed a boulder beetle
 11760 | D:12     | Killed a boulder beetle
 11773 | D:12     | Noticed a two-headed ogre
 11778 | D:12     | Killed a two-headed ogre
 11962 | D:13     | Noticed a yaktaur captain
 12073 | D:13     | Killed a yaktaur captain
 12200 | D:13     | Noticed a centaur warrior
 12215 | D:13     | Killed a centaur warrior
 12361 | D:13     | Noticed a boulder beetle
 12373 | D:13     | Killed a boulder beetle
 12496 | D:13     | Reached skill level 13 in Axes
 12539 | D:13     | Found a gate to the Vaults.
 12562 | D:13     | Noticed a six-headed hydra
 12577 | D:13     | Killed a one-headed hydra
 12662 | D:14     | Noticed an ice dragon
 12663 | D:14     | Found a frozen archway.
 12675 | D:14     | Killed an ice dragon
 12708 | IceCv    | Entered an ice cave
 12791 | IceCv    | Reached XP level 13. HP: 81/116 MP: 12/12
 12794 | IceCv    | Noticed a quicksilver ooze
 12802 | IceCv    | HP: 3/116 [quicksilver ooze (14)]
 12803 | IceCv    | Killed a quicksilver ooze
 13198 | IceCv    | Noticed a quicksilver ooze
 13203 | IceCv    | Killed a quicksilver ooze
 13418 | IceCv    | Reached skill level 10 in Shields
 13715 | IceCv    | Noticed an azure jelly
 13733 | IceCv    | HP: 1/117 [azure jelly[an orange crystal statue] (5)]
 13735 | IceCv    | Slain by an azure jelly

Illustrated notes

Levels and vault maps discovered:
D:1:      amcnicky_arrival_wind_blow, layout_loops_cross,
          chequers_serial_rivers_micro_e
D:2:      layout_basic, shapermc_ecumenical_altar_ellora, minivault_25
D:3:      layout_rooms, gammafunk_temple_overflow_elements
D:4:      layout_cave_pools, elyvilon_altar_5,
          chequers_temple_overflow_statue_of_worship,
          kennysheep_okawaru_gauntlet, overflow_temple_1_default, uniq_ijyb,
          uniq_blork_the_orc, uniq_eustachio, uniq_edmund, uniq_menkaure
D:5:      layout_loops_ring, nicolae_overflow_crystal_walls
D:6:      kennysheep_windowed_halls, layout_rooms,
          mainiacjoe_overflow_tiny_flanked,
          mainiacjoe_overflow_concentric_impassable, st_stairs_6, uniq_grinder
D:7:      layout_basic, minmay_temple_entry_enclosed_plants, enter_ossuary_4,
          hangedman_decor_lopped, amcnicky_mini_pool_small,
          hangedman_decor_peaks_small, hangedman_decor_slide_cut,
          kb_lookout_dungeons_type
D:8:      layout_basic, serial_bayou_pond_a
D:9:      layout_loops_ring, chequers_big_river
D:10:     layout_cave_pools, pdpol_wu_jian_five_deadly_venoms, serial_shops,
          shop, nicolae_shop_hallway_stairs, minmay_misc_feat_square,
          nicolae_figureground_pulse
D:11:     layout_rooms, due_lair_maze_entry_diamond, hex_tiny,
          nrook_mini_vaults, bh_walls_and_bars, uniq_harold
D:12:     layout_rooms, orc_0_dummy, uniq_urug
D:13:     layout_basic, david_vaults_2, st_stairs_12
D:14:     layout_cave_pools, portal_ice_cave_entry_dragon, minivault_11
Temple:   minmay_temple_curvy_loop
IceCv:    ice_cave_hellmonk_azure_passage

Skill      XL: |  1  2  3  4  5  6  7  8  9 10 11 12 13 |
---------------+----------------------------------------+-----
Fighting       | 4 5 6 8 9 10 11 | 11.8
Axes           | 4 5 6 7 8 10 12 13 | 13.6
Armour         | 3 4 5 7 8 9 |  9.7
Dodging        | 3 4 5 6 7 8 |  8.9
Maces & Flails | 1 3 6 8 9 10 | 10.8
Throwing       | 1 2 4 |  4.3
Shields        | 5 7 9 10 | 10.1
Stealth        | 1 2 3 |  3.1
Unarmed Combat | |  0.9

Action                   |  1- 3 |  4- 6 |  7- 9 | 10-12 | 13-15 || total
-------------------------+-------+-------+-------+-------+-------++-------
Melee: Hand axe          |    85 |    36 |   187 |    54 |       ||   362
       Headbutt          |    14 |     7 |    62 |   132 |    13 ||   228
       Punch             |     1 |       |     3 |       |       ||     4
       Flail             |       |       |   146 |   221 |       ||   367
       Unarmed           |       |       |    13 |       |       ||    13
       Trident           |       |       |     1 |       |       ||     1
       War axe           |       |       |       |   254 |    42 ||   296
Throw: Stone             |       |     4 |    20 |     1 |       ||    25
       Dart              |       |       |       |    26 |       ||    26
Invok: Berserk           |       |     1 |     2 |     2 |     2 ||     7
       Trog's Hand       |       |     1 |       |     2 |     1 ||     4
       Brothers in Arms  |       |       |       |     1 |       ||     1
  Use: Scroll            |       |       |       |     7 |       ||     7
       Potion            |       |       |       |       |     2 ||     2
 Stab: Sleeping          |       |       |       |     2 |       ||     2
Armor: Animal skin       |     1 |       |       |       |       ||     1
       Ring mail         |    30 |     4 |   140 |   134 |       ||   308
       Skin              |       |       |     1 |       |       ||     1
       Ice dragon scales |       |       |       |     1 |    49 ||    50
Dodge: Dodged            |    60 |    10 |   209 |   256 |    39 ||   574
Block: Kite shield       |       |       |     9 |   359 |    31 ||   399

Table legend: (Time is in decaauts)
 A = Elapsed time spent in this place.
 B = Non-inter-level travel time spent in this place.
 C = Inter-level travel time spent in this place.
 D = Time resting spent in this place.
 E = Time spent auto-exploring this place.
 F = Levels seen in this place.
 G = Mean time per level.
                   A        B        C        D        E       F      G
               +--------+--------+--------+--------+--------+-----+--------+
         Total |  13815 |  13069 |    746 |    653 |   8327 |  17 |  812.6 |
       Dungeon |  11932 |  11209 |    723 |    104 |   7393 |  14 |  852.3 |
        Temple |    219 |    196 |     23 |      0 |    192 |   1 |  219.0 |
       Ossuary |    634 |    634 |      0 |      0 |    425 |   1 |  634.0 |
      Ice Cave |   1028 |   1028 |      0 |    549 |    316 |   1 | 1028.0 |
               +--------+--------+--------+--------+--------+-----+--------+

Top non-repeatable levels by time:
     D:7: 1362 daAuts
     D:6: 1319 daAuts
     D:4: 1240 daAuts
   IceCv: 1028 daAuts
     D:9: 995 daAuts
    D:11: 970 daAuts
    D:12: 959 daAuts
     D:5: 958 daAuts
     D:3: 802 daAuts
     D:1: 795 daAuts
     D:8: 687 daAuts
    D:10: 663 daAuts
 Ossuary: 634 daAuts
     D:2: 599 daAuts
    D:13: 502 daAuts
